 Dungeon Crawl Stone Soup version 0.28-a0-983-g1de4e0787c (webtiles) character file.

Game seed: 951860095781098074

37 ragingrage the Sneak (level 3, 0/29 HPs)
             Began as a Merfolk Delver on Dec 2, 2021.
             Succumbed to an adder's poison
             ... in a sewer.
             The game lasted 00:01:40 (488 turns).

ragingrage the Sneak (Merfolk Delver)                Turns: 488, Time: 00:01:41

Health: 0/29       AC:  3    Str: 14    XL:     3   Next: 39%
Magic:  3/3        EV: 15    Int:  9    God:
Gold:   32         SH:  0    Dex: 15    Spells: 2/2 levels left

rFire   . . .      SeeInvis .   a - +0 spear
rCold   . . .      Faith    .   (no shield)
rNeg    . . .      Spirit   .   b - +0 leather armour
rPois   .          Reflect  .   (no helmet)
rElec   .          Harm     .   (no cloak)
rCorr   .          Rampage  .   (no gloves)
Will    .....                   (boots currently unavailable)
Stlth   ++++......              (no amulet)
HPRegen 0.09/turn               (no ring)
MPRegen 0.08/turn               (no ring)

@: lethally poisoned (0 -> -3), very quick
A: nimble swimmer 2, mertail
a: no special abilities


You were in a sewer.
You visited 1 branch of the dungeon, and saw 3 of its levels.
You also visited: Sewer.

You collected 32 gold pieces.

Inventory:

Hand Weapons
 a - a +0 spear (weapon)
Armour
 b - a +0 leather armour (worn)
Wands
 g - a wand of digging (3)
Scrolls
 c - a scroll of fog
 d - 2 scrolls of magic mapping
 e - 2 scrolls of fear
 h - a scroll of teleportation {unknown}
 i - a scroll of enchant weapon {unknown}
Potions
 f - a potion of haste


   Skills:
 - Level 3.2 Fighting
 * Level 5.4 Polearms
 - Level 2.6 Dodging
 - Level 5.4 Stealth


You had 2 spell levels left.
You didn't know any spells.
Your spell library contained the following spells:

 Spells                   Type           Power      Damage    Failure   Level
 Animate Dead             Necr           0%         N/A       99%         4
 Haunt                    Necr/Summ      0%         N/A       100%        7
 Infestation              Necr           0%         N/A       100%        8


Dungeon Overview and Level Annotations

Branches:
Dungeon (6/15)              Sewer (1/1)
 Temple: D:4-7

Altars:


Innate Abilities, Weirdness & Mutations

You are quick and stealthy near water. (Stealth+, EV+, Speed+++)
Your lower body shifts to a powerful aquatic tail in water.


Message History

You hit the adder.
The adder is severely wounded.
You feel sick. The adder misses you.
You hit the adder.
You tail-slap the adder, but do no damage.
The adder is almost dead.
You feel sick. The adder barely misses you.
You barely miss the adder.
The adder is almost dead.
You feel sick.
You are no longer poisoned.
The adder misses you. The adder bites you.
You hit the adder.
You kill the adder!
The adder bites you but does no damage.
You barely miss the adder.
Your tail-slap misses the adder.
The adder bites you.
You are too injured to fight recklessly!
You barely miss the adder. The adder barely misses you.
You are too injured to fight recklessly!
You completely miss the adder.
Your tail-slap misses the adder.
The adder bites you.
You are poisoned.
The adder poisons you!
You hit the adder.
The adder is lightly wounded.
You feel sick. The adder barely misses you.
You are too injured to fight recklessly!
You feel sick. The adder bites you.
You are more poisoned.
The adder poisons you!
* * * LOW HITPOINT WARNING * * *
You feel sick.
Okay, then.
Your legs become a tail as you enter the water.
You feel sick.
You feel sick. The adder bites you.
* * * LOW HITPOINT WARNING * * *
You die...

#....≈# .≈ #.)≈# ≈.≈ ##≈##
#≈# #≈# #≈# #≈# #≈# #####
##≈## ##≈## ##≈≈.##
##...## ##..≈##
#...≈.####≈≈≈≈≈#####.....#
#....≈≈S≈@≈≈∩.≈≈≈≈≈≈≈≈.≈≈≈
#..≈..####.....#####.≈...#
##...## ##.≈≈## ##.≈.##
##≈## ##≈#### ##≈## #†#
#≈# #.!.###≈# #≈# #≈#
.?K!K≈≈≈# #≈# #≈#
#≈!.###≈# #≈# #≈# ## ##≈##
..≈ ##.≈.##


You could see an adder.

Vanquished Creatures
  An adder (Sewer)
  A river rat (Sewer)
  An ufetubus (D:4)
  An orc (D:4)
  3 giant cockroaches (D:4)
  A kobold (Sewer)
  3 quokkas (D:4)
  A ball python (Sewer)
12 creatures vanquished.

Notes
Turn   | Place    | Note
-------+----------+-------------------------------------------
     0 | D:5      | ragingrage the Merfolk Delver began the quest for the Orb.
     0 | D:5      | Reached XP level 1. HP: 18/18 MP: 1/1
    81 | D:4      | Reached XP level 2. HP: 7/24 MP: 2/2
   350 | D:4      | Found a glowing drain.
   386 | Sewer    | Entered a sewer
   391 | Sewer    | Noticed a kobold brigand
   392 | Sewer    | Noticed a kobold brigand
   436 | Sewer    | Reached skill level 5 in Polearms
   436 | Sewer    | Reached XP level 3. HP: 29/29 MP: 3/3
   487 | Sewer    | HP: 1/29 [adder (4)]
   488 | Sewer    | Succumbed to an adder's poison

Illustrated notes

Levels and vault maps discovered:
D:4:      layout_basic, gup_sewer_entry_pipe, uniq_sigmund, uniq_grinder
D:5:      layout_loops_ring, minmay_overflow_temple_star_quad, st_stairs_1,
          minmay_misc_feat_chi, minivault_19, uniq_crazy_yiuf_cottage
D:6:      layout_basic, mainiacjoe_overflow_catwalk, uniq_menkaure
Sewer:    sewer_co_15_rooms

Skill      XL: |  1  2 |
---------------+-------+-----
Polearms       | 4 5 |  5.4
Fighting       | |  3.2
Dodging        | |  2.6
Stealth        | |  5.4

Action                   || total
-------------------------++-------
Melee: Spear             ||    55
       Tailslap          ||     3
 Stab: Sleeping          ||     4
Armor: Leather armour    ||     4
Dodge: Dodged            ||    22

Table legend: (Time is in decaauts)
 A = Elapsed time spent in this place.
 B = Non-inter-level travel time spent in this place.
 C = Inter-level travel time spent in this place.
 D = Time resting spent in this place.
 E = Time spent auto-exploring this place.
 F = Levels seen in this place.
 G = Mean time per level.
                   A        B        C        D        E       F      G
               +--------+--------+--------+--------+--------+-----+--------+
         Total |    446 |    412 |     34 |    164 |     79 |   4 |  111.5 |
       Dungeon |    369 |    335 |     34 |    164 |     79 |   3 |  123.0 |
         Sewer |     76 |     76 |      0 |      0 |      0 |   1 |   76.0 |
               +--------+--------+--------+--------+--------+-----+--------+

Top non-repeatable levels by time:
     D:4: 326 daAuts
   Sewer: 76 daAuts
     D:5: 26 daAuts
     D:6: 16 daAuts
